[Event "Late-Titled-Tuesday-Blitz-September-19-2023"]
[Site "Chess.com"]
[Date "2023.09.19"]
[Round "11"]
[White "JoakimVonAnd"]
[Black "scandalgod"]
[Result "0-1"]
[WhiteElo "2688"]
[BlackElo "2487"]
[TimeControl "180+1"]
[EndTime "16:05:01 PDT"]
[Termination "scandalgod won by checkmate"]

1. c4 e5 2. g3 Nc6 3. Bg2 Bc5 4. Nc3 a6 5. e3 d6 6. Nge2 Ba7 7. O-O h5 8. h4 g5 9. hxg5 h4 10. d4 Qxg5 11. dxe5 hxg3 12. Nxg3 Qh4 13. Re1 Nxe5 14. Nd5 Bg4 15. Qa4+ Kf8 16. c5 Bxc5 17. Nxc7 Qh2+ 18. Kf1 Rc8 19. Nd5 Qxg2+ 20. Kxg2 Bh3+ 21. Kh1 Bd7+ 22. Kg2 Bxa4 23. e4 Ne7 24. Nf6 N7g6 25. b3 Bc6 26. Bb2 Ke7 27. Nd5+ Bxd5 28. exd5 Kd7 29. Re4 Rcg8 30. b4 Bb6 31. a4 Nh4+ 32. Kf1 Nhf3 33. Ke2 Rh2 34. Rf1 Rxg3 35. a5 Ba7 36. Rf4 Rgg2 37. Bxe5 Nxe5 38. b5 axb5 39. Rb1 Rxf2+ 40. Rxf2 Rxf2+ 41. Ke1 Bc5 42. Rxb5 Ra2 43. Rxb7+ Ke8 44.
Rb5 Ke7 45. Kd1 f5 46. Rb7+ Kf6 47. Rb8 Rxa5 48. Rf8+ Kg5 49. Rh8 Kf4 50. Rh4+ Ng4 51. Rh1 Be3 52. Ke2 Ke4 53. Rb1 Ra2+ 54. Ke1 f4 55.
Rb4+ Bd4 56. Rb3 f3 57. Rb1 f2+ 58. Kf1 Ne3# 0-1

[Event "Late-Titled-Tuesday-Blitz-September-19-2023"]
[Site "Chess.com"]
[Date "2023.09.19"]
[Round "11"]
[White "IgorBjelobrk"]
[Black "Dr_crypt"]
[Result "1-0"]
[WhiteElo "2665"]
[BlackElo "2436"]
[TimeControl "180+1"]
[EndTime "16:05:01 PDT"]
[Termination "IgorBjelobrk won on time"]

1. d4 Nf6 2. c4 e6 3. g3 d5 4.
Nf3 dxc4 5. Bg2 c5 6. O-O Nc6 7. dxc5 Qxd1 8. Rxd1 Bxc5 9. Nbd2 c3 10. bxc3 Ke7 11. Nb3 Bd6 12. c4 Rd8 13. c5 Bc7 14. Bb2 Bd7 15. Nfd2 Be8 16. Nc4 Rxd1+ 17. Rxd1 Rd8 18.
Nd6 b6 19. Rc1 Bxd6 20. cxd6+ Kxd6 21. Ba3+ Kc7 22. e3 Kb7 23. Nd4 Nd5 24. Nb5 Ka6 25. Nd6 Ncb4 26. Bf1+ b5 27. Nxe8 Rxe8 28. Bxb4 Nxb4 29.
a4 Kb6 30. axb5 Re7 31. Ra1 Rc7 32. Ra4 Kc5 33. Kg2 Nd5 34. Kf3 1-0

[Event "Late-Titled-Tuesday-Blitz-September-19-2023"]
[Site "Chess.com"]
[Date "2023.09.19"]
[Round "11"]
[White "Mikhail_Golubev"]
[Black "rychessmaster1"]
[Result "1/2-1/2"]
[WhiteElo "2588"]
[BlackElo "2718"]
[TimeControl "180+1"]
[EndTime "16:05:02 PDT"]
[Termination "Game drawn by stalemate"]

1. e4 e5 2. Nf3 Nc6 3. Bc4 Bc5 4. c3 Nf6 5. d4 exd4 6. cxd4 Bb4+ 7. Nbd2 d5 8. exd5 Qe7+ 9. Qe2 Qxe2+ 10. Kxe2 Ne7 11. Bb5+ Bd7 12. Bxd7+ Nxd7 13. d6 Bxd6 14. Nc4 Nc8 15.
Nxd6+ Nxd6 16. Bf4 Nb6 17. Kd3 f6 18. Bxd6 cxd6 19.
Nd2 Kd7 20. Nc4 Nxc4 21. Kxc4 Rac8+ 22. Kd3 Kc6 23. Rhe1 Kd7 24. Rac1 Rxc1 25. Rxc1 Re8 26. a4 b6 27. b4 d5 28. Ra1 Rc8 29. b5 a5 30.
bxa6 Ra8 31. Kc3 Rxa6 32. Kb4 Ra5 33. Ra2 Kd6 34. h3 h5 35. h4 Kc6 36. Rc2+ Kd7 37.
Rc3 Ra8 38. Rg3 Rg8 39. Kb5 Kc7 40. Rc3+ Kb7 41. Rc6 g5 42. Rxb6+ Ka7 43. hxg5 Rxg5 44. Rxf6 Rxg2 45. a5 Rg7 46. Rh6 Rf7 47. Rxh5 Rxf2 48. Rh7+ Kb8 49. a6 Ra2 50. Kb6 Rb2+ 51. Kc6 Ra2 52. a7+ Ka8 53. Kxd5 Ra5+ 54. Kc4 Ra4+ 55. Kc5 Rc4+ 56. Kxc4 1/2-1/2

[Event "Late-Titled-Tuesday-Blitz-September-19-2023"]
[Site "Chess.com"]
[Date "2023.09.19"]
[Round "11"]
[White "Nf3c5"]
[Black "Schwindle"]
[Result "1-0"]
[WhiteElo "2545"]
[BlackElo "2413"]
[TimeControl "180+1"]
[EndTime "16:05:04 PDT"]
[Termination "Nf3c5 won by resignation"]

1. d4 Nf6 2. Nf3 e6 3. Bg5 d5 4. Nbd2 Be7 5. e3 O-O 6. Bd3 Nbd7 7. Ne5 Nxe5 8. dxe5 Nd7 9. Bf4 c5 10. c3 b6 11. h4 f5 12. g4 c4 13. Bc2 Nc5 14.
Nf3 fxg4 15. Ng5 h5 16. f3 Bb7 17. Rg1 Bxg5 18. hxg5 d4 19. cxd4 Bxf3 20. Qd2 Ne4 21. Qh2 g6 22. Rf1 Nxg5 23. Bxg6 Qe7 24. Qxh5 Qb4+ 25. Kf2 Qd2+ 26. Kg3 Qg2+ 27. Kh4 Qh3+ 28.
Kxg5 Qxh5+ 29. Kxh5 Kg7 30. Bh6+ Kg8 31. Bxf8 Rxf8 32.
Kg5 Kg7 33. Rf2 Rh8 34. Raf1 b5 35. Rxf3 gxf3 36. Rxf3 Rh2 37. Rf7+ Kg8 38. Rxa7 Rxb2 39. Kf6 1-0

[Event "Late-Titled-Tuesday-Blitz-September-19-2023"]
[Site "Chess.com"]
[Date "2023.09.19"]
[Round "11"]
[White "sergeikim"]
[Black "queen_iryna"]
[Result "1-0"]
[WhiteElo "2588"]
[BlackElo "2376"]
[TimeControl "180+1"]
[EndTime "16:05:04 PDT"]
[Termination "sergeikim won by resignation"]

1. d4 d6 2. c4 e5 3. Nf3 e4 4.
Ng5 f5 5. h4 Be7 6. Nc3 Nf6 7.
Bf4 O-O 8. e3 c6 9. Be2 Na6 10.
Nh3 Nc7 11. Bg3 Be6 12. Nf4 Bf7 13. Qc2 Ne6 14. f3 Nxf4 15. Bxf4 exf3 16. Bxf3 Rc8 17.
O-O-O b5 18. c5 b4 19. Na4 d5 20. Qxf5 Qa5 21. b3 Rce8 22. h5 Ne4 23. Bxe4 dxe4 24.
Qg4 Bf6 25. Bd6 Be6 26. Qg3 Rf7 27. Rhf1 Qb5 28. h6 g6 29. Be5 Bh4 30. Rxf7 Bxg3 31. Rg7+ Kf8 32. Bxg3 Bg4 33. Bd6+ Re7 34. Rxe7 Qe2 35.
Rd2 Qe1+ 36. Kc2 Qa1 37. Rf2+ Bf5 38. g4 Qxa2+ 39. Nb2 Kg8 40. gxf5 g5 41. f6 1-0

[Event "Late-Titled-Tuesday-Blitz-September-19-2023"]
[Site "Chess.com"]
[Date "2023.09.19"]
[Round "11"]
[White "nitpicker"]
[Black "maurovargas01"]
[Result "1-0"]
[WhiteElo "2231"]
[BlackElo "1887"]
[TimeControl "180+1"]
[EndTime "16:05:05 PDT"]
[Termination "nitpicker won on time"]

1. d4 d5 2. c4 c6 3. Nf3 e6 4. Qb3 Nf6 5. Nc3 Nbd7 6. Bg5 Bd6 7.
e3 O-O 8. Rd1 h6 9. Bh4 Qe8 10.
Be2 Ne4 11. Nxe4 dxe4 12. Nd2 f5 13. Bg3 e5 14. c5+ Kh8 15. cxd6 f4 16. Nxe4 fxg3 17. Nxg3 exd4 18. Rxd4 Qe5 19. O-O Nf6 20. Rfd1 Be6 21. Qa3 Nd5 22. Bf1 Rad8 23. Qxa7 Bc8 24. Qc5 Rf6 25. e4 Qxd6 26. Qxd6 Rfxd6 27. exd5 cxd5 28. Ne4 1-0

[Event "Late-Titled-Tuesday-Blitz-September-19-2023"]
[Site "Chess.com"]
[Date "2023.09.19"]
[Round "11"]
[White "SlipperySpeedster"]
[Black "JackRodgers"]
[Result "1-0"]
[WhiteElo "2644"]
[BlackElo "2523"]
[TimeControl "180+1"]
[EndTime "16:05:06 PDT"]
[Termination "SlipperySpeedster won by checkmate"]

1. Nf3 c5 2. b3 Nf6 3. Bb2 g6 4. e3 Bg7 5. Be2 O-O 6. O-O Nc6 7. c4 d5 8. cxd5 Nxd5 9. Bxg7 Kxg7 10. d4 cxd4 11.
Nxd4 Nxd4 12. Qxd4+ Nf6 13. Qe5 Be6 14. Bf3 Qb6 15.
Nc3 Rac8 16. Na4 Qb4 17. a3 Qxb3 18. Nc5 Qb6 19. Nxe6+ Qxe6 20. Qxe6 fxe6 21. Bxb7 Rc7 22. Bf3 Rb8 23. g3 Rb3 24. a4 a5 25.
Rfb1 Rxb1+ 26. Rxb1 Rc4 27. Bd1 Nd5 28. Kg2 Rb4 29.
Rc1 Nb6 30. Rc5 Nxa4 31. Rxa5 Nc3 32. Bf3 Rb5 33. Ra7 Kf6 34. h4 Nd5 35. g4 h6 36. Ra8 Rb2 37. Kg3 Rb4 38. Ra6 Kf7 39.
h5 g5 40. Bxd5 exd5 41. Rxh6 d4 42. Rh7+ Kf6 43. Rh6+ Kf7 44. exd4 Rxd4 45. Rb6 Rd3+ 46. f3 Rd1 47. Rb5 Rg1+ 48. Kf2 Rh1 49. Rxg5 e6 50. Rb5 Kf6 51. Kg3 Rg1+ 52. Kf4 Ra1 53. g5+ Kg7 54. Rb7+ Kg8 55. Ke5 Ra5+ 56. Kf6 Kh8 57.
Rb8+ Kh7 58. g6+ Kh6 59. Rh8# 1-0

[Event "Late-Titled-Tuesday-Blitz-September-19-2023"]
[Site "Chess.com"]
[Date "2023.09.19"]
[Round "11"]
[White "KamlaPasand"]
[Black "MBA_CHESS_2021"]
[Result "1-0"]
[WhiteElo "2453"]
[BlackElo "2197"]
[TimeControl "180+1"]
[EndTime "16:05:06 PDT"]
[Termination "KamlaPasand won by checkmate"]

1. e4 g6 2. d4 Bg7 3. Nf3 d6 4. Nc3 Nd7 5. Be2 e5 6. dxe5 dxe5 7. O-O c6 8. b3 Qc7 9. Ba3 Qa5 10. Nb1 c5 11. c4 Ne7 12. Bb2 O-O 13.
Nc3 Nc6 14. Nd5 Nd4 15. Bc3 Qd8 16. a3 b6 17. b4 Bb7 18. Nd2 Nf6 19. Kh1 Nxd5 20.
exd5 Rc8 21. Rc1 Qe7 22. Bd3 f5 23. Bb1 e4 24. Nb3 Nxb3 25. Qxb3 Bxc3 26. Rxc3 cxb4 27. axb4 Qf6 28. c5 Qe5 29. Rd1 Kg7 30. c6 Ba6 31. d6 Bb5 32. d7 Ra8 33. c7 Bxd7 34. Rxd7+ Kh8 35. Rh3 h5 36. Qc3 Qxc3 37. Rxc3 Rac8 38.
g3 Kg8 39. Ba2+ Kh8 40. Be6 Rf6 41. Rd8+ Kg7 42. Rxc8 Rxe6 43. Rg8+ Kxg8 44. c8=Q+ Kf7 45. Rc7+ Re7 46. Rxe7+ Kxe7 47. Qc7+ Kf6 48. Qxa7 Kg5 49. Qxb6 h4 50. gxh4+ Kxh4 51. Qxg6 f4 52. Qf5 e3 53. Qxf4+ Kh3 54. Qg3# 1-0

[Event "Late-Titled-Tuesday-Blitz-September-19-2023"]
[Site "Chess.com"]
[Date "2023.09.19"]
[Round "11"]
[White "WilsonPalencia21"]
[Black "laskakid"]
[Result "1-0"]
[WhiteElo "2544"]
[BlackElo "2312"]
[TimeControl "180+1"]
[EndTime "16:05:07 PDT"]
[Termination "WilsonPalencia21 won by resignation"]

1. d4 Nf6 2. c4 g6 3. Nf3 Bg7 4.
Nc3 O-O 5. e4 d6 6. Be2 e5 7.
O-O Nc6 8. d5 Ne7 9. Ne1 Nd7 10.
Nd3 f5 11. f3 Nf6 12. Bd2 c5 13.
g4 Kh8 14. Kh1 Neg8 15. Rg1 f4 16. b4 b6 17. bxc5 bxc5 18. Rb1 Bd7 19. Rb7 Bc8 20. Rb2 Bd7 21. Qc2 Rb8 22. Rgb1 Rxb2 23. Qxb2 Ne8 24. Be1 h5 25. gxh5 gxh5 26. Bf2 Bf6 27. Qb8 Qa5 28. Be1 Kg7 29. Rb7 Rf7 30. Rxd7 Rxd7 31. Qxe8 Rb7 32. Qxh5 Rb1 33. Nxb1 Qxa2 34. Nd2 Qa1 35.
Kg2 Qd4 36. Bf2 Qc3 37. Be1 a5 38. Qg4+ Kf8 39. Qc8+ Kg7 40. Qa6 Qa1 41. Qb5 a4 42. Qb2 Qxb2 43. Nxb2 a3 44. Nd1 a2 45. Nb3 Ne7 46. Nc3 Nc8 47. Nxa2 Nb6 48. h4 Nd7 49. Kh3 Kh6 50. Nc3 1-0

[Event "Late-Titled-Tuesday-Blitz-September-19-2023"]
[Site "Chess.com"]
[Date "2023.09.19"]
[Round "11"]
[White "rdarruda"]
[Black "egnfanclub"]
[Result "0-1"]
[WhiteElo "2483"]
[BlackElo "2388"]
[TimeControl "180+1"]
[EndTime "16:05:08 PDT"]
[Termination "egnfanclub won by resignation"]

1. Nf3 Nf6 2. d4 d5 3. c4 c6 4.
g3 dxc4 5. Bg2 e6 6. Ne5 Bb4+ 7.
Nc3 Nbd7 8. Nxc4 Nb6 9. Nxb6 axb6 10. O-O O-O 11. e4 h6 12. Be3 Qe7 13. Qe2 e5 14.
dxe5 Qxe5 15. Rad1 Bc5 16. Bf4 Qe7 17. e5 Re8 18. Qc2 Ng4 19. Rde1 g6 20. h3 Bf5 21.
Qc1 Nxf2 22. Rxf2 g5 23. Bd2 Bxf2+ 24. Kxf2 f6 25. Kg1 fxe5 26. Ne4 Qh7 27. Bc3 Bxe4 28.
Bxe4 Qe7 29. Rf1 Qc5+ 30. Kg2 Rf8 31. Rd1 Qf2+ 32. Kh1 Qxg3 33. Rd3 Qf4 34. Qd1 Qxe4+ 0-1

[Event "Late-Titled-Tuesday-Blitz-September-19-2023"]
[Site "Chess.com"]
[Date "2023.09.19"]
[Round "11"]
[White "Tomytoteph"]
[Black "slorovel"]
[Result "0-1"]
[WhiteElo "2568"]
[BlackElo "2524"]
[TimeControl "180+1"]
[EndTime "16:05:11 PDT"]
[Termination "slorovel won by checkmate"]

1. e3 e5 2. d4 exd4 3. exd4 Nf6 4. c3 d5 5. Nf3 Bd6 6. Be3 O-O 7. Nbd2 Bg4 8. Qc2 Nbd7 9. Bd3 h6 10. O-O-O c5 11.
h3 Bxf3 12. Nxf3 c4 13. Be2 Qa5 14. Kb1 b5 15. a3 Qc7 16. g4 a5 17. Rhg1 b4 18.
h4 bxa3 19. g5 Rab8 20. Bc1 axb2 21. Be3 Ne4 22. gxh6 Rb3 23. Rxg7+ Kh8 24. Ng5 Ndf6 25. Bd2 Qd7 26. Bxc4 dxc4 27. Qxe4 Rfb8 28. Rg1 Nxe4 29. Rh7+ Kg8 30. Rg7+ Kf8 31. Nxe4 Qf5 32. Re1 Ra3 33. f3 Ra1+ 34. Kc2 Rxe1 35. Bxe1 b1=Q+ 36. Kd2 Rb2+ 37. Ke3 Qf4# 0-1

[Event "Late-Titled-Tuesday-Blitz-September-19-2023"]
[Site "Chess.com"]
[Date "2023.09.19"]
[Round "11"]
[White "ozates"]
[Black "DvaHrasta"]
[Result "1-0"]
[WhiteElo "2593"]
[BlackElo "2513"]
[TimeControl "180+1"]
[EndTime "16:05:12 PDT"]
[Termination "ozates won on time"]

1. c4 e5 2. Nc3 Nf6 3. e4 Nc6 4. g3 Bc5 5. Bg2 O-O 6. Nge2 a6 7. O-O d6 8. d3 Bg4 9. h3 Bh5 10. Kh2 h6 11. a3 Nd4 12. b4 Ba7 13. f4 exf4 14.
Bxf4 Nd7 15. g4 Bg6 16. Ng3 Ne5 17. Nf5 Bxf5 18. exf5 c6 19. Ne4 f6 20. c5 dxc5 21. Bxe5 fxe5 22. bxc5 Qe7 23. Rb1 Rad8 24. Qc1 Rd5 25.
Qc4 Kh8 26. Qb4 Rf7 27. Nd6 Rxd6 28. cxd6 Qd7 29. Be4 b5 30. Qa5 c5 31. Qxa6 Rf6 32. Qa5 Rxd6 33. a4 b4 34. Rfc1 h5 35. Rxc5 Bxc5 36.
Qxc5 hxg4 37. hxg4 Rh6+ 38. Kg2 b3 39. Qxe5 Qd8 40.
a5 Ra6 41. Rh1+ Kg8 42. Bd5+ 1-0

[Event "Late-Titled-Tuesday-Blitz-September-19-2023"]
[Site "Chess.com"]
[Date "2023.09.19"]
[Round "11"]
[White "leoduarte"]
[Black "gabduschew"]
[Result "0-1"]
[WhiteElo "2484"]
[BlackElo "2391"]
[TimeControl "180+1"]
[EndTime "16:05:15 PDT"]
[Termination "gabduschew won on time"]

1. d4 c6 2. Nf3 g6 3. c4 Bg7 4.
Nc3 d6 5. e4 Bg4 6. Be2 Bxf3 7.
Bxf3 Qb6 8. d5 c5 9. Qc2 Nf6 10.
O-O O-O 11. Be2 Na6 12. a3 Nd7 13. Re1 e6 14. Bf1 Nc7 15. Bd2 Rae8 16. h3 a6 17. Rab1 exd5 18. exd5 Rxe1 19. Rxe1 Re8 20. Na4 Qa7 21.
Rxe8+ Nxe8 22. Qe4 Kf8 23. Bc3 Ndf6 24. Qe3 Qb8 25.
Nxc5 dxc5 26. Qxc5+ Kg8 27. b4 Ne4 28. Qe7 Nxc3 29.
Bd3 Bf6 30. Qe1 Kf8 31. g3 b5 32. c5 Nxd5 33. Qe4 Qe5 34. Qf3 Nec7 35. Kg2 h5 36. h4 Kg7 37. Be4 Nc3 38. Bb7 Ne2 39. Qc6 Nd4 0-1

[Event "Late-Titled-Tuesday-Blitz-September-19-2023"]
[Site "Chess.com"]
[Date "2023.09.19"]
[Round "11"]
[White "Hirna2005"]
[Black "GoltsevDmitry2000"]
[Result "0-1"]
[WhiteElo "2377"]
[BlackElo "2625"]
[TimeControl "180+1"]
[EndTime "16:05:15 PDT"]
[Termination "GoltsevDmitry2000 won on time"]

1. e4 e6 2. d4 d5 3. e5 c5 4.
c3 Nc6 5. Be3 cxd4 6. cxd4 Nge7 7.
Nf3 Nf5 8. Nc3 h5 9. Bd3 Be7 10. O-O g5 11. Qb3 g4 12. Bxf5 gxf3 13. Bh3 fxg2 14. Bxg2 h4 15. h3 Bd7 16. Kh1 Na5 17. Qc2 Nc4 18. b3 Na3 19. Qd2 Rc8 20. Rac1 Bb4 21. Bg5 Qa5 22. Qf4 Rg8 23. Ne2 Nc2 24. Qxh4 Bd2 25. Bxd2 Qxd2 26. Nf4 Qxd4 27. Qh7 Ke7 28.
Ne2 Qd2 29. Qh4+ Qg5 30. Qxg5+ Rxg5 31. f4 Rgg8 32. Rfd1 Ne3 33. Rxc8 Rxc8 34. Rd2 Bb5 35. Nd4 Rc1+ 36. Kh2 Bf1 37. Nf3 Bxg2 38. Rxg2 Nxg2 39. Kxg2 Ra1 40. Kg3 Rxa2 41. h4 Rb2 42. h5 Rxb3 43. h6 Kf8 44. Kg4 Rb1 45. Nh4 Rg1+ 46. Kh5 Kg8 47.
f5 a5 48. Ng6 fxg6+ 49. fxg6 a4 50. g7 Kh7 51. Kh4 a3 0-1

[Event "Late-Titled-Tuesday-Blitz-September-19-2023"]
[Site "Chess.com"]
[Date "2023.09.19"]
[Round "11"]
[White "Bala-Afiada"]
[Black "Mariia89"]
[Result "0-1"]
[WhiteElo "1960"]
[BlackElo "2059"]
[TimeControl "180+1"]
[EndTime "16:05:17 PDT"]
[Termination "Mariia89 won by resignation"]

1. d4 Nf6 2. c4 c5 3. d5 b5 4. cxb5 a6 5. b6 d6 6. Nc3 Qxb6 7. Nf3 g6 8. e4 Bg7 9. Nd2 O-O 10. Nc4 Qa7 11. Bd3 Nbd7 12. O-O Nb6 13. Bg5 Nxc4 14. Bxc4 Bd7 15. Qd2 Rfb8 16. Rab1 Rb4 17. b3 Rab8 18. Bh6 Bh8 19. f4 Ng4 20. f5 Bd4+ 21. Kh1 Nxh6 22. Qxh6 Bxc3 23. fxg6 hxg6 24. Rf3 Bg7 25. Qf4 Bf6 26. Rbf1 Kg7 27. e5 dxe5 28. Qg3 Rh8 29. d6 e4 30. Rf4 Qb8 31. dxe7 Rb6 32. Rxf6 Rxf6 33. Qxb8 Rxb8 34. Rxf6 Kxf6 35. Bxa6 Kxe7 0-1

[Event "Late-Titled-Tuesday-Blitz-September-19-2023"]
[Site "Chess.com"]
[Date "2023.09.19"]
[Round "11"]
[White "TC2304"]
[Black "HajiyevKanan"]
[Result "0-1"]
[WhiteElo "2372"]
[BlackElo "2482"]
[TimeControl "180+1"]
[EndTime "16:05:19 PDT"]
[Termination "HajiyevKanan won by resignation"]

1. d4 Nf6 2. Bg5 e6 3. e4 h6 4. Bxf6 Qxf6 5. c3 d5 6. Nd2 dxe4 7. Nxe4 Qd8 8. Bd3 Nd7 9. Nf3 Nf6 10. O-O Be7 11. Ne5 O-O 12. Re1 Nxe4 13. Bxe4 c5 14. dxc5 Qxd1 15. Raxd1 Bxc5 16. Nd7 Bxd7 17. Rxd7 Rad8 18.
Red1 Rxd7 19. Rxd7 b5 20. Kf1 b4 21. cxb4 Bb6 22.
a4 Rc8 23. a5 Rd8 24. Rxd8+ Bxd8 25. Ke2 Kf8 26. Kd3 f5 27. Bb7 Ke7 28. Bc8 Kd6 29.
Kc4 f4 30. f3 e5 31. Kb5 Kc7 32. Bf5 Be7 33. Kc4 Kd6 34. b5 Bd8 35. b3 Bxa5 36.
Kd3 Kc5 37. Ke4 Bc3 38. g3 fxg3 39. hxg3 Kxb5 40. f4 exf4 41. gxf4 Kb4 42. Be6 a5 43. Kf5 Kc5 44. Kg6 Kd6 45. f5 Bf6 46. Bc4 Ke5 47.
Bb5 Kd4 48. Bc4 Ke4 49. Bb5 Kd4 50. Bc4 a4 51. Be6 a3 52. b4 Be5 53. b5 Kc5 0-1

[Event "Late-Titled-Tuesday-Blitz-September-19-2023"]
[Site "Chess.com"]
[Date "2023.09.19"]
[Round "11"]
[White "Mesa_1"]
[Black "IlanSchnaider"]
[Result "1-0"]
[WhiteElo "2618"]
[BlackElo "2737"]
[TimeControl "180+1"]
[EndTime "16:05:20 PDT"]
[Termination "Mesa_1 won by checkmate"]

1. e4 c5 2. Nf3 d6 3. Nc3 Nf6 4.
d4 cxd4 5. Nxd4 a6 6. Bg5 e5 7. Nf5 Bxf5 8. exf5 Be7 9. Bc4 Qc8 10.
Qd3 Nbd7 11. a4 Nc5 12. Qf3 e4 13. Qh3 Ncd7 14. Bb3 Nc5 15. Bc4 h6 16. Bh4 O-O 17.
O-O Rb8 18. Rfe1 Re8 19. a5 b5 20. axb6 Rxb6 21. b3 Rb8 22. Rad1 Qc6 23. Nd5 Nxd5 24. Bxd5 Qc7 25. f6 Bxf6 26. Bxf6 gxf6 27. Qxh6 Re5 28.
Re3 Qd7 29. Rh3 Qxh3 30. Qxh3 Kg7 31. Qg3+ Kf8 32. Qf4 Ke7 33. Bc4 a5 34. g3 a4 35.
bxa4 Nxa4 36. Rxd6 Rc8 37. Qxf6+ Ke8 38. Qxf7# 1-0

[Event "Late-Titled-Tuesday-Blitz-September-19-2023"]
[Site "Chess.com"]
[Date "2023.09.19"]
[Round "11"]
[White "lefonghua"]
[Black "Pingah9"]
[Result "1/2-1/2"]
[WhiteElo "2653"]
[BlackElo "2564"]
[TimeControl "180+1"]
[EndTime "16:05:20 PDT"]
[Termination "Game drawn by repetition"]

1. d4 g6 2. c4 Bg7 3. e4 c5 4. d5 b5 5. cxb5 a6 6. b6 d6 7. Nc3 Qxb6 8. a4 Nf6 9. Bc4 O-O 10. a5 Qb4 11. Ra4 Qb7 12. f4 Bd7 13. Ra3 Qb4 14. Qd3 Bb5 15. Bxb5 axb5 16. Qxb5 Nxe4 17. Qd3 Nxc3 18.
bxc3 Qb7 19. Ne2 c4 20. Qxc4 Rc8 21. Qd3 Nd7 22. O-O Nc5 23. Qf3 Nb3 24. Be3 Nxa5 25.
Nd4 Nc4 26. Rxa8 Rxa8 27. Nc6 Nxe3 28. Qxe3 Bf6 29. c4 Ra2 30. h3 h5 31. Kh2 h4 32.
Rf2 Rxf2 33. Qxf2 Qb3 34. Qe2 Qg3+ 35. Kh1 Kf8 36. Qg4 Qe1+ 37. Kh2 Kg7 38. f5 g5 39. Qf3 Be5+ 40. Nxe5 Qxe5+ 41. Kh1 Kf6 42. Qh5 Qa1+ 43. Kh2 Qe5+ 44. Kh1 Qe1+ 45. Kh2 Qg3+ 46. Kh1 Qe1+ 47. Kh2 Qe5+ 48. Kh1 1/2-1/2

[Event "Late-Titled-Tuesday-Blitz-September-19-2023"]
[Site "Chess.com"]
[Date "2023.09.19"]
[Round "11"]
[White "Aariow"]
[Black "santosalberto1987"]
[Result "1-0"]
[WhiteElo "2582"]
[BlackElo "2499"]
[TimeControl "180+1"]
[EndTime "16:05:20 PDT"]
[Termination "Aariow won by resignation"]

1. d4 d5 2. c4 c6 3. Nc3 Nf6 4. e3 a6 5. a4 Bf5 6. Qb3 Ra7 7.
Nf3 e6 8. Be2 h6 9. Ne5 Nbd7 10.
f4 Be7 11. O-O Nxe5 12. fxe5 Ne4 13. cxd5 cxd5 14. Nxe4 Bxe4 15. Bd2 O-O 16. Rac1 Qd7 17.
Qb6 Raa8 18. Rc7 Qd8 19. Rfc1 Rc8 20. Qxb7 Rb8 21. Qxa6 Rxb2 22. Rc8 Qb6 23. Qxb6 Rxb6 24. Bb5 Rb8 25. R8c7 Bg5 26. g3 h5 27. Kf2 h4 28.
Bb4 Rfd8 29. Bd6 Ra8 30. Rb7 Rdc8 31. Rcc7 Rxc7 32. Rxc7 Bg6 33. Bc6 Rb8 34. Bb5 Ra8 35. Bb4 Bd8 36. Rd7 hxg3+ 37. hxg3 Bg5 38. Rb7 Bc2 39.
a5 f6 40. a6 fxe5 41. a7 exd4 42. Rb8+ Kh7 43. Rxa8 dxe3+ 44. Ke2 d4 45. Bd3+ Bxd3+ 46. Kxd3 e5 47. Re8 1-0

[Event "Late-Titled-Tuesday-Blitz-September-19-2023"]
[Site "Chess.com"]
[Date "2023.09.19"]
[Round "11"]
[White "jinxy2009"]
[Black "FrancescoSorcinelli"]
[Result "0-1"]
[WhiteElo "2306"]
[BlackElo "2200"]
[TimeControl "180+1"]
[EndTime "16:05:20 PDT"]
[Termination "FrancescoSorcinelli won by resignation"]

1. e4 g6 2. d4 Bg7 3. Nc3 d6 4.
f4 a6 5. Nf3 b5 6. Bd3 Bb7 7.
O-O Nd7 8. a4 b4 9. Ne2 c5 10. c3 Ngf6 11. Ng3 bxc3 12. bxc3 cxd4 13. cxd4 O-O 14. Qe2 e6 15. Ba3 Ne8 16. f5 exf5 17. exf5 Bxf3 18. Qxf3 Bxd4+ 19. Kh1 Bxa1 20. Rxa1 Ne5 21.
Qd1 Nxd3 22. Qxd3 Nf6 23. Bb2 Ng4 24. Qd4 Ne5 25. Re1 Rb8 26. Ne4 f6 27. Nxd6 Rxb2 28. Qxb2 Qxd6 29. fxg6 hxg6 30. Qb3+ Kg7 31. Qb7+ Rf7 32.
Qb3 Rd7 33. h3 Qd5 34. Rb1 Qxb3 35. Rxb3 Rd4 36. a5 Ra4 37. Rb7+ Kh6 38. Ra7 Rxa5 39. Kh2 Ra2 40. Kg3 a5 41. Ra8 a4 42. Ra6 Kg7 43. Ra7+ Nf7 44. Ra6 a3 45. Ra7 Ra1 46. Kh2 a2 47. Kg3 g5 48. Kf2 Kg6 49. Kg3 Nd6 50. Kh2 Nb5 51. Ra6 Nc3 52. Ra3 Rc1 0-1

[Event "Late-Titled-Tuesday-Blitz-September-19-2023"]
[Site "Chess.com"]
[Date "2023.09.19"]
[Round "11"]
[White "stolencandy13"]
[Black "Goryachkina"]
[Result "0-1"]
[WhiteElo "2565"]
[BlackElo "2686"]
[TimeControl "180+1"]
[EndTime "16:05:21 PDT"]
[Termination "Goryachkina won by resignation"]

1. d4 Nf6 2. Bg5 Ne4 3. Bf4 d5 4. f3 Nf6 5. e4 e6 6. Nc3 Bb4 7. e5 Nfd7 8. a3 Bxc3+ 9. bxc3 c5 10. h4 Qa5 11. Qd2 b6 12. h5 h6 13. g4 Ba6 14. Ne2 Nc6 15. Be3 Qa4 16. f4 Na5 17.
Ng3 Bxf1 18. Rxf1 Nc4 19. Qe2 O-O-O 20. f5 Qa5 21. Bd2 Kb8 22. Rf3 Rc8 23. fxe6 fxe6 24. Rf7 Rc7 25. Rxg7 Nxd2 26. Qxd2 Nxe5 27. Qf4 Qxc3+ 28.
Ke2 Qxc2+ 29. Kf1 Qd3+ 30. Kg2 Qxd4 31. Qf6 Rhc8 32. Rxc7 Rxc7 33. Re1 Nxg4 34. Qxd4 cxd4 35. Rxe6 d3 36. Rd6 d2 37. Rxd5 Ne3+ 38. Kf3 Nxd5 0-1

[Event "Late-Titled-Tuesday-Blitz-September-19-2023"]
[Site "Chess.com"]
[Date "2023.09.19"]
[Round "11"]
[White "Arteler"]
[Black "Emp3rador"]
[Result "1-0"]
[WhiteElo "2597"]
[BlackElo "2520"]
[TimeControl "180+1"]
[EndTime "16:05:23 PDT"]
[Termination "Arteler won on time"]

1. e4 e6 2. d4 d5 3. Nd2 dxe4 4. Nxe4 Nd7 5. Nf3 Ngf6 6. Nxf6+ Nxf6 7. Bd3 b6 8. Ne5 Bb7 9. Bb5+ c6 10. Nxc6 Qd5 11. c4 Qxg2 12. Ne5+ Kd8 13. Rf1 Qe4+ 14. Be3 Bb4+ 15.
Ke2 Ke7 16. Qa4 Bd6 17. Bc6 Bxc6 18. Nxc6+ Kf8 19. Rg1 h6 20. h3 g6 21. Nb4 Rc8 22. b3 a5 23. Nd3 Kg7 24. Qb5 Bc7 25. Rad1 Rhd8 26. Ne5 Nh5 27. Rg4 Qf5 28. Rdg1 Kh7 29. a4 Rf8 30. Qd7 Bxe5 31. dxe5 Qc2+ 32. Kf3 Qxb3 33. Rxg6 1-0

[Event "Late-Titled-Tuesday-Blitz-September-19-2023"]
[Site "Chess.com"]
[Date "2023.09.19"]
[Round "11"]
[White "BillieKimbah"]
[Black "ameetghasi100"]
[Result "1-0"]
[WhiteElo "2982"]
[BlackElo "2720"]
[TimeControl "180+1"]
[EndTime "16:05:26 PDT"]
[Termination "BillieKimbah won by checkmate"]

1. Nf3 Nf6 2. g3 g6 3. Bg2 Bg7 4. O-O O-O 5. d4 d6 6. Re1 Nc6 7. d5 Nb4 8. e4 Bg4 9. h3 Bxf3 10. Bxf3 Nd7 11. Bg2 c6 12. c3 Na6 13. Nd2 Nac5 14.
Nb3 a5 15. Be3 Na4 16. Qc2 Nab6 17. Rad1 Qc7 18. Nd4 a4 19. a3 Nc4 20. Bg5 Nc5 21.
Qe2 Na5 22. h4 Nab3 23. Nc2 e6 24. dxe6 Nxe6 25. Be3 Rfe8 26. h5 Ra5 27. h6 Bf8 28.
Nd4 Nexd4 29. cxd4 Rh5 30. Bf3 Rxh6 31. Kg2 Qa5 32.
Bxh6 Bxh6 33. e5 Bd2 34. Rh1 dxe5 35. dxe5 Rxe5 36. Qc4 Re7 37. Qh4 f6 38. Qxf6 Rf7 39.
Qe6 Kg7 40. Rxh7+ Kxh7 41. Qxf7+ Kh6 42. Rh1+ Kg5 43. Rh4 Nd4 44. Rg4+ Kh6 45. Qxg6# 1-0